 Dungeon Crawl Stone Soup version 0.30.0-29-ga12c61a403 (webtiles) character file.

Game seed: 9096420939074777316

917595 vvl the Slayer (level 27, -24/186 HPs)
             Began as a Gargoyle Fighter on June 11, 2023.
             Was a High Priest of Jiyva.
             Annihilated by an iron giant
             ... wielding a +0 giant club
              (25 damage)
             ... on level 7 of the Iron City of Dis on June 12, 2023.
             The game lasted 06:41:32 (85265 turns).

vvl the Slayer (Gargoyle Fighter)                  Turns: 85265, Time: 06:41:33

Health: -24/186    AC: 62    Str: 24 (28) XL:     27
Magic:  46/46      EV:  8    Int: 23      God:    Jiyva [*****.]
Gold:   2700       SH: 32    Dex:  6 (12) Spells: 28/64 levels left

rFire   + + +        K - +13 sceptre of Asmodeus
rCold   . . .        r - +18 shield of the Gong {Loud rN+ Will+ rCorr EV-5}
rNeg    + + +        H - +10 plate armour of the Mordant God {Rampage}
rPois   ∞            f - +2 hat of Voracious Liberty {rF+++ rC- Regen+ Slay+2}
rElec   +            c - +2 cloak {Will+}
rCorr   +            a - +0 pair of fencer's gloves {Riposte Dex+3}
SInv    .            R - +2 pair of boots
Will    +++++        J - amulet "Peinezeps" {Reflect Rampage Regen+ SH+5 Stlth-} Stlth
                     B - ring "Fogam" {rElec rN++ Str+6}
HPRegen 3.55/turn    E - ring "Lowoj" {Will+ AC+4 Str+2}
MPRegen 0.75/turn

%: reflection, rampage
@: flying, studying Armour, corroded
A: sickness immunity, AC +20, big wings, negative energy resistance 1,
electricity resistance, torment resistance 1, petrification resistance, fangs 2,
horns 1, iridescent scales 1, camouflage 1, cold resistance 1, strong-willed 2,
passive freeze, sense surroundings 2, wild magic 3, gelatinous body 2
}: 8/15 runes: serpentine, barnacled, slimy, silver, obsidian, icy, bone,
abyssal
a: Renounce Religion, Oozemancy, Slimify


You were on level 7 of the Iron City of Dis.
You worshipped Jiyva.
Jiyva was extremely pleased with you.
You visited 16 branches of the dungeon, and saw 80 of its levels.
You visited the Abyss 2 times.
You also visited: Ossuary, Bailey, Gauntlet and Wizlab.

You collected 8428 gold pieces.
You spent 5728 gold pieces at shops.

Inventory:

Hand Weapons
 h - a +9 spectral broad axe
 K - the +13 sceptre of Asmodeus (weapon)
   (You took it off Asmodeus on level 7 of Gehenna)

   Fire Summon: It may summon demons of flame and damnation when striking foes.
 N - the +8 mithril axe "Arga" {speed, Will+}
   (You bought it in a shop on level 2 of the Orcish Mines)

   Will:      It increases your willpower.
 S - the +8 broad axe of Ujaut {venom, rCorr Str+3}
   (You acquired it on level 10 of the Dungeon)

   Str:       It affects your strength (+3).
   rCorr:     It protects you from acid and corrosion.
Armour
 a - the +0 pair of fencer's gloves (worn) {Riposte Dex+3}
   (You acquired it on level 10 of the Dungeon)

   Riposte:   It allows the wearer to riposte with melee weapons, swiftly
   retaliating against missed or blocked melee attacks.
   Dex:       It affects your dexterity (+3).
 c - a +2 cloak of willpower (worn)
 f - the +2 hat of Voracious Liberty (worn) {rF+++ rC- Regen+ Slay+2}
   (You acquired it on level 10 of the Dungeon)

   Slay:      It affects your accuracy & damage with ranged weapons and melee
   (+2).
   rF:        It renders you almost immune to fire.
   rC:        It makes you vulnerable to cold.
   Regen:     It increases your rate of health regeneration.
 r - the +18 shield of the Gong (worn) {Loud rN+ Will+ rCorr EV-5}
   (You acquired it on level 10 of the Dungeon)

   Loud:      It is deafeningly noisy when blocking attacks.
   EV:        It affects your evasion (-5).
   rN:        It protects you from negative energy.
   rCorr:     It protects you from acid and corrosion.
   Will:      It increases your willpower.
 G - the +0 scale mail of Qaviomut {+Blink rC+++ Dex-2}
   (You found it on level 5 of the Lair of Beasts)

   Dex:       It affects your dexterity (-2).
   rC:        It renders you almost immune to cold.
   +Blink:    It lets you blink.
 H - the +10 plate armour of the Mordant God (worn) {Rampage}
   (You bought it in a shop on level 1 of the Orcish Mines)

   Rampage:   It bestows one free step when moving towards enemies.
 P - the +7 chain mail "Otyful" {Will+ Dex+4 SInv}
   (You found it on level 7 of the Dungeon)

   Dex:       It affects your dexterity (+4).
   SInv:      It lets you see invisible.
   Will:      It increases your willpower.
 R - a +2 pair of boots (worn)
Jewellery
 w - the ring "Icleumn" {Wiz rC+}
   (You found it on level 7 of Tartarus)

   [ring of wizardry]

   It improves your spell success rate.
   rC:        It protects you from cold.
 B - the ring "Fogam" (left hand) {rElec rN++ Str+6}
   (You took it off a minotaur in a Gauntlet)

   [ring of strength]

   Str:       It affects your strength (+6).
   rElec:     It insulates you from electricity.
   rN:        It greatly protects you from negative energy.
 E - the ring "Lowoj" (right hand) {Will+ AC+4 Str+2}
   (You found it on level 2 of the Depths)

   [ring of protection]

   AC:        It affects your AC (+4).
   Str:       It affects your strength (+2).
   Will:      It increases your willpower.
 J - the amulet "Peinezeps" (around neck) {Reflect Rampage Regen+ SH+5 Stlth-}
   (You found it on level 2 of the Depths)

   [amulet of reflection]

   It reflects blocked missile attacks.
   Regen:     It increases your rate of health regeneration.
   SH:        It affects your SH (+5).
   Rampage:   It bestows one free step when moving towards enemies.
   Stlth:     It makes you less stealthy.
 O - the ring of the Evening {rF+ Int+6 Dex+2}
   (You took it off a fire giant on level 2 of the Depths)

   [ring of intelligence]

   Int:       It affects your intelligence (+6).
   Dex:       It affects your dexterity (+2).
   rF:        It protects you from fire.
Wands
 b - a wand of iceblast (33)
 t - a wand of charming (15)
 u - a wand of digging (11)
 Q - a wand of light (12)
 W - a wand of mindburst (7)
Scrolls
 d - 2 scrolls of silence
 e - 35 scrolls of teleportation
 o - 9 scrolls of immolation
 p - 13 scrolls of amnesia
 s - a scroll of blinking (quivered)
 v - 11 scrolls of enchant armour
 x - 6 scrolls of fear
 y - 7 scrolls of butterflies
 F - 8 scrolls of vulnerability
 I - 6 scrolls of magic mapping
 V - 6 scrolls of poison
Potions
 i - 2 potions of invisibility
 j - 3 potions of magic
 k - 9 potions of attraction
 l - 7 potions of cancellation
 m - a potion of heal wounds
 n - 6 potions of berserk rage
 q - 6 potions of brilliance
 z - 13 potions of might
 A - 5 potions of mutation
 D - 4 potions of haste
 L - 2 potions of ambrosia
 X - 4 potions of resistance
 Z - 14 potions of curing
Miscellaneous
 g - the horn of Geryon
 C - a box of beasts
 M - a condenser vane
 T - a lightning rod (4/4)
 U - a phantom mirror


   Skills:
 + Level 22.7 Fighting
 - Level 18.2(19.0) Axes
 - Level 10.2(16.1) Maces & Flails
 + Level 21.9 Armour
 + Level 19.5 Dodging
 - Level 10.0 Shields
 + Level 19.3 Spellcasting
 + Level 13.2 Conjurations
 + Level 21.7 Summonings
 - Level 5.0 Transmutations
 + Level 17.6 Fire Magic
 + Level 22.5 Earth Magic
 - Level 10.0 Poison Magic
 - Level 12.0 Evocations


You had 28 spell levels left.
You knew the following spells:

 Your Spells              Type           Power      Damage    Failure   Level
a - Olgreb's Toxic Radia  Pois           92%        N/A       13%         4
b - Wereblood             Tmut           72%        N/A       14%         2
c - Stone Arrow           Conj/Erth      100%       3d13      1%          3
d - Ignite Poison         Fire/Tmut/Pois 95%        N/A       5%          3
e - Monstrous Menagerie   Summ           62%        N/A       11%         7
f - Summon Hydra          Summ           62%        N/A       11%         7
g - Fireball              Conj/Fire      54%        3d21      6%          5
h - Summon Forest         Summ/Tloc      47%        N/A       21%         5

Your spell library contained the following spells:

 Spells                   Type           Power      Damage    Failure   Level
 Foxfire                  Conj/Fire      100%       2x1d9     1%          1
 Sandblast                Erth           100%       2d20      1%          1
 Call Imp                 Summ           100%       N/A       1%          2
 Call Canine Familiar     Summ           100%       N/A       1%          3
 Animate Armour           Summ/Erth      100%       N/A       1%          4
 Lee's Rapid Deconstruct  Erth           63%        3d29*     1%          5
 Magic Dart               Conj           100%       1d8       2%          1
 Passwall                 Tmut/Erth      86%        N/A       2%          2
 Flame Wave               Conj/Fire      100%       2d21      4%          4
 Sticky Flame             Conj/Fire      100%       2d11      4%          4
 Summon Guardian Golem    Hex/Summ       95%        N/A       5%          3
 Petrify                  Tmut/Erth      100%       N/A       5%          4
 Sting                    Tmut/Pois      100%       1d8       6%          1
 Kiss of Death            Conj/Necr      100%       2d13      8%          1
 Shock                    Conj/Air       100%       1d9       8%          1
 Inner Flame              Hex/Fire       87%        N/A       9%          3
 Volatile Blastmotes      Fire/Tloc      100%       2d18      9%          3
 Momentum Strike          Conj/Tloc      100%       3d10      10%         2
 Leda's Liquefaction      Hex/Erth       48%        N/A       10%         4
 Iron Shot                Conj/Erth      57%        9d11      10%         6
 Mephitic Cloud           Conj/Pois/Air  83%        N/A       11%         3
 Summon Ice Beast         Ice/Summ       95%        N/A       11%         4
 Summon Lightning Spire   Summ/Air       95%        N/A       11%         4
 Iskenderun's Battlesphe  Conj           100%       2d15      11%         5
 Spider Form              Tmut/Pois      82%        N/A       12%         3
 Dazzling Flash           Conj/Hex       100%       N/A       14%         3
 Hailstorm                Conj/Ice       79%        3d16      14%         3
 Summon Mana Viper        Hex/Summ       95%        N/A       21%         5
 Fulminant Prism          Conj/Hex       39%        3d17      32%         4
 Iskenderun's Mystic Bla  Conj/Tloc      79%        2d16      32%         4
 Irradiate                Conj/Tmut      44%        3d26      32%         5
 Spellforged Servitor     Conj/Summ      57%        N/A       32%         7
 Summon Horrible Things   Summ           62%        N/A       41%         8
 Freeze                   Ice            100%       1d10      43%         1
 Slow                     Hex            100%       N/A       43%         1
 Alistair's Intoxication  Tmut/Pois      54%        N/A       50%         5
 Blink                    Tloc           84%        N/A       54%         2
 Ensorcelled Hibernation  Hex/Ice        84%        N/A       54%         2
 Lesser Beckoning         Tloc           84%        N/A       54%         2
 Confusing Touch          Hex            42%        N/A       75%         3
 Frozen Ramparts          Ice            84%        1d13      75%         3
 Gell's Gravitas          Tloc           42%        N/A       75%         3
 Ozocubu's Armour         Ice            42%        N/A       75%         3
 Portal Projectile        Hex/Tloc       84%        N/A       75%         3
 Swiftness                Air            42%        N/A       75%         3
 Teleport Other           Tloc           42%        N/A       75%         3
 Tukima's Dance           Hex            42%        N/A       75%         3
 Vampiric Draining        Necr           42%        2d9       75%         3
 Ice Form                 Ice/Tmut       59%        N/A       80%         4
 Orb of Destruction       Conj           51%        9d13      80%         7
 Plasma Beam              Fire/Air       43%        2x1d63    83%         6
 Lehudib's Crystal Spear  Conj/Erth      57%        10d13     85%         8
 Freezing Cloud           Conj/Ice/Air   34%        6-21      86%         5
 Ignition                 Fire           57%        3d16      86%         8
 Eringya's Noxious Bog    Tmut/Pois      41%        N/A       94%         6
 Anguish                  Hex/Necr       21%        N/A       97%         4
 Animate Dead             Necr           42%        N/A       97%         4
 Cause Fear               Hex            21%        N/A       97%         4
 Dispel Undead            Necr           42%        3d17      97%         4
 Manifold Assault         Tloc           42%        N/A       97%         4
 Passage of Golubria      Tloc           42%        N/A       97%         4
 Yara's Violent Unravell  Hex/Tmut       29%        3d12      97%         5
 Conjure Ball Lightning   Conj/Air       39%        3x3d13    97%         6
 Haunt                    Necr/Summ      47%        N/A       97%         7
 Shatter                  Erth           63%        3d47*     97%         9
 Agony                    Necr           42%        N/A       100%        5
 Silence                  Hex/Air        21%        N/A       100%        5
 Death Channel            Necr           21%        N/A       100%        6
 Dispersal                Tloc           21%        N/A       100%        6
 Simulacrum               Ice/Necr       21%        N/A       100%        6
 Enfeeble                 Hex            21%        N/A       100%        7
 Ozocubu's Refrigeration  Ice            21%        4d12      100%        7
 Storm Form               Tmut/Air       29%        N/A       100%        7
 Borgnjor's Revivificati  Necr           21%        N/A       100%        8
 Discord                  Hex            21%        N/A       100%        8
 Disjunction              Tloc           21%        N/A       100%        8
 Infestation              Necr           21%        N/A       100%        8
 Maxwell's Capacitive Co  Air            21%        ∞         100%        8
 Fire Storm               Conj/Fire      54%        8d14      100%        9
 Cigotuvi's Dreadful Rot  Necr/Pois/Air  Unusable   N/A       N/A         2
 Sublimation of Blood     Necr           Unusable   N/A       N/A         2

Dungeon Overview and Level Annotations

Branches:
Dungeon (15/15)            Temple (1/1) D:7            Lair (5/5) D:11
 Shoals (4/4) Lair:2        Snake (4/4) Lair:2        Slime (5/5) Lair:5
    Orc (2/2) D:12            Elf (3/3) Orc:2        Vaults (5/5) D:14
  Crypt (3/3) Vaults:2       Tomb (0/3) Crypt:3      Depths (4/4) D:15
   Hell (visited)             Dis (7/7) Hell            Geh (7/7) Hell
    Coc (7/7) Hell            Tar (7/7) Hell            Zot (0/5) Depths:4
Ossuary (visited)          Bailey (visited)          WizLab (visited)
Gauntlet (visited)

Altars:
Ashenzari
Cheibriados
Dithmenos
Elyvilon
Fedhas
Gozag
Hepliaklqana
Kikubaaqudgha
Makhleb
Nemelex Xobeh
Okawaru
Qazlal
Ru
Trog
Uskayaw
Vehumet
Wu Jian
Xom
Yredelemnul
Zin
The Shining One
Jiyva

Shops:
D:3 (   Orc:1 [   Orc:2 *(?:   Elf:1 ?   Elf:2 ?   Snake:1 =   Snake:3 ([!?(
Depths:1 *

Portals:
Hell: Depths:1 Depths:2 Depths:3 Depths:4
Abyss: Depths:1 Depths:3
Pandemonium: Depths:2
Ziggurat: Depths:4
Trove: D:12 (give +6 demon blade)

Annotations:
Temple 4 transporters
Slime:5 Royal Jelly
Depths:1 3 runed translucent doors, Wiaruich's ghost, adept DsAK


Innate Abilities, Weirdness & Mutations

You are immune to sickness and miasma.
Your stone body is resilient. (AC +20)
You are immune to poison.
Your large and strong wings let you fly.
You resist negative energy. (rN+)
You are resistant to electric shocks. (rElec)
You are resistant to unholy torment.
You are immune to petrification.
You have extremely sharp teeth.
You have a pair of small horns on your head.
You are partially covered in iridescent scales. (AC +2)
Your skin changes colour to match your surroundings (Stealth+).
Your flesh is cold resistant. (rC+)
You are highly strong-willed. (Will++)
A frigid envelope surrounds you and freezes all who hurt you.
You passively map the area around you.
Your spells are much harder to cast, but much more powerful.
Your pliable body absorbs attacks. (AC +2, EV +2)


Message History

BOUMMMMG!
You riposte.
You sock the Hell Sentinel!
You headbutt the Hell Sentinel, but do no damage.
You bite the Hell Sentinel, but do no damage.
The Hell Sentinel is heavily wounded.
You hear a screech! x2
You sock the iron giant! Your headbutt misses the iron giant.
The iron giant is heavily wounded.
You bludgeon the iron giant!!
The iron giant is severely wounded.
Your balrug hits the iron giant but does no damage.
Your balrug drains the iron giant.
You block the Hell Sentinel's attack.
BOUMMMMG!
The Hell Sentinel hits you but does no damage.
The Hell Sentinel completely resists.
The iron giant hits you with a +0 giant club!!
The iron giant resists.
The iron giant is very cold.
The iron giant is severely wounded.
You hear a shout!
You hear a screech!
You hit the iron giant but do no damage.
Your headbutt misses the iron giant.
The iron giant is severely wounded.
Your balrug gestures at the iron giant.
The iron giant is smitten.
You block the Hell Sentinel's attack.
PANG!
You block the Hell Sentinel's attack.
BONNNG!
The iron giant points at your balrug and mumbles some strange words.
The iron shot hits your balrug!!!
Your balrug dies!
Your balrug disappears in a puff of smoke!
The iron giant shouts!
You hear a series of splatters.
You hit the iron giant. Your headbutt misses the iron giant.
The iron giant is severely wounded.
The Hell Sentinel gestures at you. The iron shot hits you!!!!
* * * LOW HITPOINT WARNING * * *
You shudder from the blast and a jelly pops out!
The iron giant hits you with a +0 giant club!!
You die...

#*#################†'#####*******
***********########''##*##*******
*,,,,*,,,*,#.....#....#..##,,**,*
*,,,,*,,,*,#.....#.........,,,,,*
**'***,,,*,#.....#........#******
*,,,,**'#*,*....,#........#,,,,,*
*,,,,,,....###'###........#,,,,,*
*,,,,,,.......)†J.[.......',,,,,*
,,,,***###.....C@)........#,,,,,*
,,,,*,,,,#......§1........#******
,,,,*,,..'....####'##......,*,,,*
,*+**,,..#....*,,...#.....,,+,,,*
,*,,*,,.,##'##*,,...#.####***,,,*
,*,,*,,,,#..,,*,,...#,+,,,,,*,,,*
,*,,*,,,,#..,,*,,,..#,*,,,,,*,,,*
,*,,*,,,,#,,,,*,,,,,*,*,,,,,*,,,*
*********************************


You could see an iron giant (drained), a Hell Sentinel (ally target) and a
friendly acid blob (summoned).

Vanquished Creatures
  Asmodeus (Geh:7)
  Ereshkigal (Tar:7)
  2 ancient liches (Vaults:5)
  A dread lich (Vaults:5)
  Mennas (Vaults:1)
  A juggernaut (Depths:2)
  Josephina (Crypt:1)
  Bai Suzhen (Shoals:3)
  14 shard shrikes
  Sojobo (Vaults:2)
  Vashnia (Snake:4)
  Margery (Vaults:5)
  23 caustic shrikes
  6 golden dragons
  The ghost of topfpfpflanze the Cloud Mage, a veteran TeAE of Vehumet (Depths:3)
  Geryon (Hell)
  Nikola (Shoals:1)
  19 profane servitors
  15 bone dragons
  3 iron giants (Dis:7)
  3 doom hounds
  9 Tzitzimimeh
  9 Brimstone Fiends
  9 Hell Sentinels
  20 hellephants
  2 spectral shard shrikes
  Mlioglotl (Snake:3)
  3 tentacled monstrosities
  A shard shrike skeleton (Abyss:4)
  19 Ice Fiends
  2 deep elf blademasters (Elf:3)
  24 tainted leviathans
  10 titans
  A walking earthen tome (Depths:2)
  4 quicksilver dragons (Vaults:5)
  2 deep elf master archers (Elf:3)
  A walking frostbound tome (Depths:2)
  A walking divine tome (Abyss:4)
  17 acid blobs
  38 searing wretches
  19 tentacled starspawn
  An Executioner (Abyss:1)
  13 liches
  7 sphinxes
  An eldritch tentacle (Elf:1)
  A kraken (Shoals:4)
  The ghost of Tang the Devastator, an adept TeAE of Sif Muna (Shoals:2)
  23 ancient champions
  7 tengu reavers
  9 shadow dragons
  3 revenants
  The ghost of Tuffe the Warrior, an adept FoFi of Okawaru (Snake:4)
  5 azure jellies
  A draconian monk (Abyss:4)
  9 storm dragons (Vaults:5)
  The ghost of KappaVara the Peltast, an adept DsFi of Okawaru (Shoals:2)
  26 fire giants
  Donald (Snake:3)
  14 nagarajas
  11 narguns
  A rockslime (Slime:1)
  A daeva (Abyss:4)
  13 vault wardens
  10 frost giants
  4 quicksilver elementals
  9 deep elf sorcerers
  3 orc warlords
  11 iron dragons
  4 shard shrike simulacra
  5 curse skulls
  3 spectral juggernauts
  A caustic shrike zombie (Hell)
  Aizul (Snake:3)
  30 balrugs
  2 angels (Abyss:4)
  3 deep elf elementalists (Elf:3)
  3 ghouls
  18 war gargoyles
  A caustic shrike skeleton (Hell)
  A spriggan defender (Depths:3)
  2 draconian stormcallers
  2 cacodemons
  21 ironbound preservers
  13 stone giants
  A draconian annihilator (Depths:4)
  11 reapers
  35 very ugly things
  6 ironbound thunderhulks
  A demonspawn corrupter (Abyss:4)
  5 vampire knights
  10 quicksilver oozes
  A green draconian (Depths:4)
  An ophan (Abyss:4)
  6 deep elf demonologists
  26 putrid mouths
  28 elemental wellsprings
  2 lorocyprocas
  2 spectral titans
  10 wendigos
  13 purple draconians
  10 dire elephants
  A minotaur (Gauntlet)
  9 spark wasps
  3 red draconians (Depths:4)
  12 deep elf annihilators
  The ghost of qdestroyer the Cleaver, a journeyman MiFi of Trog (D:13)
  A crystal guardian (Vaults:4)
  2 spectral quicksilver dragons
  10 iron golems
  5 blizzard demons
  Snorg (Orc:1)
  14 eidola
  17 ettins
  5 merfolk javelineers (Shoals:4)
  3 green deaths
  9 statues (WizLab)
  2 entropy weavers
  8 deep elf death magi
  9 jiangshi
  7 fire dragons
  2 spriggan zombies (Hell)
  A spectral kraken (Tar:7)
  17 yaktaur captains
  7 deep elf high priests
  8 merfolk impalers
  A spectral iron giant (Tar:6)
  Fannar (Orc:1)
  4 spectral spriggans
  A hell beast (Depths:3)
  6 salamander tyrants
  8 ice dragons
  6 peacekeepers
  31 vault guards
  Harold (Orc:1)
  3 rakshasas
  4 juggernaut simulacra
  3 spriggan air magi
  Erolcha (D:9)
  16 great orbs of eyes
  20 centaur warriors
  A quicksilver dragon skeleton (Abyss:4)
  3 ironbound frosthearts
  3 ogre magi
  11 caustic shrike simulacra
  4 catoblepae
  2 hydras
  4 merfolk avatars
  4 merfolk aquamancers (Shoals:4)
  3 alligator snapping turtles (Shoals:3)
  2 satyrs
  23 two-headed ogres
  15 anacondas
  11 stokers
  2 death knights (Crypt:1)
  An Orb Guardian skeleton (Crypt:3)
  9 boulder beetles
  8 deep troll earth magi
  6 vampire magi
  5 deep troll shamans
  A spectral human (Tar:1)
  8 tengu warriors
  42 dancing weapons
  7 death yaks
  An orc high priest (Orc:2)
  3 spriggan berserkers
  22 naga warriors
  2 spectral dire elephants (Tar:1)
  14 naga sharpshooters
  7 shock serpents
  13 thrashing horrors
  21 hell knights
  3 titan zombies
  35 hell hogs
  16 sun demons
  Sonja (Lair:3)
  6 soul eaters
  17 deep elf knights
  5 iron trolls
  18 wretched stars
  5 crystal echidnas
  A fire crab (Elf:1)
  6 sixfirhies
  2 skysharks (Shoals:2)
  3 salamander mystics
  20 shadow wraiths
  A death drake (Elf:1)
  2 spatial maelstroms
  3 quicksilver dragon simulacra
  22 skeletal warriors
  A storm dragon skeleton (Hell)
  76 deep trolls
  A spectral anaconda (Tar:2)
  4 flayed ghosts
  3 glowing orange brains
  A golden dragon zombie (Crypt:2)
  3 fenstrider witch simulacra
  6 lindwurms
  An orb spider (Abyss:4)
  7 spriggan simulacra
  14 sea snakes
  17 ironbound convokers
  10 wizards
  8 naga ritualists
  A harpy (shapeshifter) (Vaults:4)
  31 phantasmal warriors
  A bog body (Crypt:1)
  A lindwurm (shapeshifter) (Vaults:4)
  12 deep elf archers
  A kraken simulacrum (Shoals:4)
  7 orc knights
  14 necromancers
  10 harpies
  Pikel (D:6)
  19 mana vipers
  11 salamanders
  37 deep elf zephyrmancers
  3 shining eyes
  15 fauns
  A frost giant zombie (Vaults:4)
  53 ugly things
  3 orc sorcerers
  A wolf spider (Elf:1)
  A spectral ettin (Tar:4)
  A shining eye (shapeshifter) (Vaults:4)
  38 deep elf pyromancers
  2 moths of wrath
  An iron dragon zombie (Crypt:2)
  13 manticores
  3 will-o-the-wisps (Abyss:4)
  11 cyclopes
  A dire elephant zombie (Crypt:2)
  6 worldbinders
  4 human skeletons
  12 merfolk sirens
  A salamander (shapeshifter) (Vaults:4)
  11 guardian serpents
  2 spectral centaurs
  3 water nymphs
  8 elephants (Lair:5)
  54 black mambas
  13 smoke demons
  22 naga magi
  9 rust devils (Hell)
  An apocalypse crab (Abyss:4)
  A guardian serpent (shapeshifter) (D:15)
  2 eyes of devastation
  3 titan simulacra
  3 demonic crawlers (Abyss:4)
  14 vault sentinels
  7 molten gargoyles
  7 orange demons
  3 unseen horrors
  A yaktaur zombie (Vaults:4)
  7 efreet
  5 human zombies
  6 kobold demonologists
  8 cane toads
  3 dire elephant skeletons
  4 rime drakes
  11 spectral swamp worms (Tar:7)
  13 hellions
  10 freezing wraiths
  A golden dragon simulacrum (Coc:1)
  A bunyip simulacrum (Hell)
  15 tormentors
  A death yak skeleton (Crypt:2)
  3 ice devils
  3 komodo dragons
  21 tengu conjurers
  33 yaktaurs
  3 anaconda simulacra
  4 spectral nagas
  2 guardian mummies
  5 spectral harpies
  A silent spectre (Tar:5)
  13 ancient zymes
  A harpy zombie (Abyss:4)
  10 trolls
  2 hydra zombies
  24 merfolk
  A meliai (shapeshifter) (D:14)
  A shadow dragon simulacrum (Depths:3)
  3 hellwings
  3 harpy skeletons
  A tyrant leech (shapeshifter) (Vaults:4)
  10 wind drakes
  2 polar bears (Lair:5)
  An elf skeleton (Vaults:4)
  A tarantella (Elf:1)
  4 nameless horrors
  3 hornets
  A boulder beetle zombie (Crypt:1)
  10 dream sheep
  A hydra skeleton (Abyss:1)
  21 blink frogs
  5 snapping turtles
  20 raiju
  2 fire giant simulacra (Depths:3)
  3 iron dragon simulacra
  2 stone giant simulacra (Coc:2)
  11 flying skulls
  An ettin skeleton (Hell)
  88 slime creatures
  4 air elementals
  A jumping spider (Elf:1)
  An ettin zombie (Vaults:4)
  A spriggan (Depths:3)
  17 ynoxinuls
  5 dire elephant simulacra
  9 shadows
  A slime creature zombie (Crypt:1)
  12 wraiths
  An elf simulacrum (Vaults:4)
  14 water elementals
  2 black mamba skeletons
  A fire bat (Abyss:4)
  A vampire (Abyss:4)
  3 wyverns
  A hog (Elf:1)
  7 basilisks
  A fire bat (shapeshifter) (Abyss:4)
  36 yaks
  5 fire elementals
  17 golden eyes
  12 chaos spawn
  9 neqoxecs
  A wyvern (shapeshifter) (D:14)
  2 steam dragons
  8 vampire mosquitoes
  A redback (shapeshifter) (D:14)
  8 redbacks
  33 small abominations
  2 spatial vortices (Elf:1)
  A two-headed ogre zombie (Crypt:1)
  2 glowing shapeshifter zombies
  2 acid dragons
  A skyshark zombie (Crypt:3)
  2 wargs
  16 harpy simulacra
  43 large abominations
  43 nagas
  13 water moccasins
  A floating eye (Slime:1)
  3 hydra simulacra
  A demonspawn skeleton (Crypt:1)
  A merfolk skeleton (Crypt:1)
  3 ice beasts
  20 orc warriors
  3 sky beasts
  3 ettin simulacra (Coc:2)
  4 black bears
  A merfolk simulacrum (Crypt:2)
  An elephant zombie (Crypt:3)
  22 ogres
  2 boggarts (Elf:1)
  A black mamba simulacrum (Hell)
  A fire dragon simulacrum (Coc:1)
  A swamp dragon skeleton (Abyss:1)
  15 wolves
  18 centaurs
  4 lemures
  A phantom (D:5)
  11 kobold brigands
  2 gnoll sergeants
  2 necrophages
  9 bullfrogs
  A glowing shapeshifter simulacrum (Depths:3)
  4 earth elementals
  8 naga simulacra
  2 scorpions (D:5)
  14 wights
  A troll zombie (Crypt:2)
  7 killer bees (D:9)
  A swamp dragon simulacrum (Coc:1)
  5 howler monkeys
  A vampire bat (Elf:1)
  An electric eel (Lair:2)
  4 spriggan skeletons
  5 lava snakes
  5 hounds
  A quasit (Abyss:2)
  2 centaur skeletons
  2 iron imps
  6 jellies
  12 orc priests
  75 starcursed masses
  A gnoll bouda (D:5)
  2 iguanas (D:6)
  A black bear skeleton (Crypt:3)
  20 orc wizards
  7 hell rats (Lair:3)
  An ogre zombie (Crypt:3)
  13 mummies
  25 gnolls
  11 adders
  9 river rats (Lair:3)
  A shadow imp (Abyss:4)
  A swamp drake skeleton (Crypt:3)
  4 white imps
  6 ufetubi
  A worm (D:3)
  2 dart slugs (D:1)
  69 orcs
  4 ball pythons
  4 bats
  14 endoplasms
  8 giant cockroaches
  A gnoll zombie (Ossuary)
  19 goblins
  18 hobgoblins
  A jackal (D:5)
  20 kobolds
  2 quokkas
  A ball python zombie (Crypt:1)
  2 frilled lizards
  A giant cockroach zombie (Crypt:3)
  A goblin skeleton (Crypt:1)
  3 hobgoblin zombies (Ossuary)
  3 kobold zombies (Ossuary)
  An orc zombie (Ossuary)
  A quokka zombie (Crypt:2)
  15 rats
  A rat zombie (Crypt:3)
  A river rat skeleton (Crypt:2)
  3 creeping infernos
  34 fire vortices
  A lurking horror (Abyss:4)
  2 spectral weapons (Elf:3)
  25 starspawn tentacles
  3 tentacles (Shoals:4)
3465 creatures vanquished.

Vanquished Creatures (collateral kills)
  Antaeus (Coc:7)
  A dread lich (Dis:7)
  A juggernaut (Dis:7)
  4 caustic shrikes (Dis:7)
  5 iron giants
  A Brimstone Fiend (Geh:7)
  2 Ice Fiends
  2 Hell Sentinels (Dis:7)
  3 titans
  2 balrugs (Dis:3)
  2 quicksilver elementals (Dis:6)
  2 iron dragons (Dis:1)
  A frost giant (Coc:1)
  6 war gargoyles
  8 wendigos
  A spark wasp (Depths:3)
  3 iron golems
  4 ice dragons
  A caustic shrike simulacrum (Coc:5)
  A juggernaut simulacrum (Coc:7)
  A hell knight (Dis:3)
  4 crystal echidnas
  A freezing wraith (Coc:1)
  2 anaconda simulacra
  A red devil (Hell)
  A dire elephant simulacrum (Coc:7)
  An alligator snapping turtle simulacrum (Coc:3)
  A harpy simulacrum (Coc:7)
  A naga simulacrum (Coc:1)
64 creatures vanquished.

Vanquished Creatures (others)
  An ancient lich (Geh:6)
  A shard shrike (Coc:7)
  A tainted leviathan (Tar:7)
  A tentacled starspawn (Abyss:4)
  A fire giant (Depths:2)
  A nagaraja (Snake:4)
  A revenant (Crypt:3)
  A frost giant (Coc:4)
  3 azure jellies
  A deep elf sorcerer (Vaults:5)
  A quicksilver elemental (Dis:6)
  A balrug (Geh:6)
  5 shard shrike simulacra
  An ironbound preserver (Vaults:5)
  2 elemental wellsprings (Coc:3)
  2 wendigos (Coc:7)
  A deep elf annihilator (Elf:3)
  A deep elf high priest (Vaults:5)
  An entropy weaver (Vaults:5)
  3 caustic shrike simulacra
  3 great orbs of eyes
  3 juggernaut simulacra
  A jorogumo (shapeshifter) (Depths:1)
  2 stokers
  A spriggan berserker (Depths:1)
  2 deep elf knights
  A fire crab (shapeshifter) (Vaults:5)
  A swamp dragon (shapeshifter) (Depths:1)
  6 glowing orange brains (Abyss:4)
  An orb spider (shapeshifter) (Depths:2)
  A naga ritualist (Snake:2)
  A sea snake (shapeshifter) (Vaults:5)
  A lindwurm (Elf:1)
  3 shining eyes (Abyss:4)
  4 deep elf pyromancers
  A shining eye (shapeshifter) (Abyss:2)
  A faun (Shoals:3)
  2 titan simulacra (Coc:3)
  A smoke demon (Abyss:4)
  A hellion (Dis:3)
  A pale draconian zombie (Crypt:2)
  A bunyip simulacrum (Crypt:2)
  2 anaconda simulacra
  An iron giant simulacrum (Coc:7)
  A golden dragon simulacrum (Coc:3)
  2 tormentors
  A merfolk (shapeshifter) (Vaults:5)
  2 raiju (Abyss:4)
  A flying skull (Abyss:4)
  A stone giant simulacrum (Coc:2)
  7 slime creatures (Abyss:4)
  A ynoxinul (Abyss:4)
  5 large abominations (Abyss:4)
  An alligator snapping turtle simulacrum (Coc:3)
  4 golden eyes (Abyss:4)
  6 small abominations (Abyss:4)
  A chaos spawn (Abyss:4)
  A redback (Vaults:5)
  3 harpy simulacra
  A spatial vortex (Abyss:4)
  A swamp worm (shapeshifter) (Vaults:5)
  2 floating eyes (shapeshifter)
  3 floating eyes
  An ettin simulacrum (Coc:3)
  A black mamba simulacrum (Crypt:2)
  4 naga simulacra
  A vampire bat (Abyss:4)
  135 jellies
  A jelly (shapeshifter) (Abyss:4)
  A starcursed mass (Abyss:4)
  4 creeping infernos
  3 fire vortices
  4 foxfires (Abyss:4)
  3 lurking horrors (Abyss:4)
  35 starspawn tentacles
  12 tentacles
321 creatures vanquished.

Grand Total: 3850 creatures vanquished

Notes
Turn   | Place    | Note
-------+----------+-------------------------------------------
     0 | D:1      | vvl the Gargoyle Fighter began the quest for the Orb.
     0 | D:1      | Reached XP level 1. HP: 14/14 MP: 1/1
    24 | D:1      | Found a faded altar of an unknown god.
    82 | D:1      | Reached XP level 2. HP: 19/19 MP: 2/2
   312 | D:1      | Reached XP level 3. HP: 23/23 MP: 3/3
   566 | D:2      | Reached XP level 4. HP: 29/29 MP: 5/5
   608 | D:2      | Found a basalt altar of Yredelemnul.
   687 | D:2      | Reached skill level 1 in Spellcasting
   745 | D:2      | Reached skill level 1 in Dodging
  1087 | D:3      | Reached XP level 5. HP: 11/33 MP: 6/6
  1396 | D:3      | Found Ogrepte's Antique Weapon Emporium.
  1763 | D:3      | Reached XP level 6. HP: 38/38 MP: 8/8
  2509 | D:5      | Entered Level 5 of the Dungeon
  2510 | D:5      | Found a shadowy altar of Dithmenos.
  2619 | D:5      | Noticed a sky beast
  2641 | D:5      | Reached XP level 7. HP: 32/44 MP: 10/10
  2852 | D:5      | Reached skill level 5 in Fighting
  2858 | D:5      | Reached skill level 5 in Armour
  2894 | D:5      | Reached skill level 5 in Shields
  2894 | D:5      | Reached XP level 8. HP: 23/49 MP: 12/12
  3194 | D:5      | Found a white marble altar of Elyvilon.
  3231 | D:5      | Became a worshipper of Elyvilon the Healer
  3598 | D:6      | Found a sand-covered staircase.
  3617 | Ossuary  | Entered an ossuary
  3668 | Ossuary  | Reached * piety under Elyvilon
  3675 | Ossuary  | Reached skill level 1 in Conjurations
  3870 | D:6      | Found an ornate altar of the Wu Jian Council.
  3916 | D:6      | Reached skill level 1 in Fire Magic
  3931 | D:6      | Reached skill level 1 in Poison Magic
  4165 | D:6      | Reached skill level 1 in Transmutations
  4334 | D:6      | Reached XP level 9. HP: 50/55 MP: 14/14
  4459 | D:6      | Noticed Pikel
  4476 | D:6      | Killed Pikel
  5905 | D:7      | Reached ** piety under Elyvilon
  6145 | D:7      | Found a staircase to the Ecumenical Temple.
  6377 | D:7      | Reached XP level 10. HP: 54/61 MP: 16/16
  6451 | D:7      | Identified the +7 chain mail "Otyful" {Will+ Dex+4 SInv}
  6572 | D:7      | Reached skill level 5 in Axes
  6703 | D:7      | Found a shimmering altar of Xom.
  6703 | D:7      | Found a bloodstained altar of Trog.
  6791 | Temple   | Entered the Ecumenical Temple
  6791 | Temple   | Found a transporter.
  6791 | Temple   | Found a transporter.
  6793 | Temple   | Found a transporter.
  6793 | Temple   | Found a transporter.
  7159 | D:8      | Reached *** piety under Elyvilon
  7826 | D:9      | Noticed Erolcha
  7839 | D:9      | Killed Erolcha
  7840 | D:9      | Reached skill level 1 in Evocations
  8180 | D:9      | Reached **** piety under Elyvilon
  8737 | D:10     | Entered Level 10 of the Dungeon
  8850 | D:10     | Noticed a two-headed ogre
  8851 | D:10     | Noticed a two-headed ogre
  8871 | D:10     | Killed a two-headed ogre
  8872 | D:10     | Reached XP level 11. HP: 50/67 MP: 18/18
  8883 | D:10     | Killed a two-headed ogre
  8884 | D:10     | Reached skill level 5 in Spellcasting
  8941 | D:10     | Found a flagged portal.
  8950 | Bailey   | Entered a bailey
  9518 | Bailey   | Noticed an orc warlord
  9535 | Bailey   | Killed an orc warlord
  9909 | D:10     | Noticed a two-headed ogre
  9922 | D:10     | a two-headed ogre changed into a guardian serpent
  9968 | D:10     | Reached skill level 5 in Conjurations
 10127 | D:10     | Noticed a centaur warrior
 10141 | D:10     | Killed a centaur warrior
 10249 | D:10     | Noticed a cyclops
 10266 | D:10     | Killed a cyclops
 10672 | D:10     | Noticed a two-headed ogre
 10675 | D:10     | Noticed a cyclops
 10705 | D:10     | Killed a two-headed ogre
 10705 | D:10     | HP: 2/67 [centaur/arrow (5)]
 10721 | D:10     | Reached skill level 5 in Dodging
 10733 | D:10     | Killed a cyclops
 10842 | D:10     | Got Iloumiani's Anthology of Hoarfrost
 10882 | D:10     | Found a basalt altar of Yredelemnul.
 10893 | D:10     | Reached skill level 5 in Fire Magic
 11019 | D:10     | Noticed a two-headed ogre
 11053 | D:10     | Killed a two-headed ogre
 11244 | D:10     | Found a blossoming altar of Fedhas.
 11269 | D:10     | Reached XP level 12. HP: 56/73 MP: 20/20
 11408 | D:10     | Noticed a boulder beetle
 11420 | D:10     | Killed a boulder beetle
 11421 | D:10     | Reached skill level 5 in Poison Magic
 11577 | D:10     | Acquired the +2 hat of Voracious Liberty {rF+++ rC- Regen+
                  | Slay+2}
 11587 | D:10     | Acquired the +18 shield of the Gong {Loud rN+ Will+ rCorr
                  | EV-5}
 11587 | D:10     | Found the +18 shield of the Gong {Loud rN+ Will+ rCorr
                  | EV-5}
 11601 | D:10     | Acquired the +8 broad axe of Ujaut {venom, rCorr Str+3}
 11616 | D:10     | Acquired the +0 pair of fencer's gloves {Riposte Dex+3}
 11616 | D:10     | Found the +0 pair of fencer's gloves {Riposte Dex+3}
 11662 | D:11     | Noticed a boulder beetle
 11668 | D:11     | Killed a boulder beetle
 11734 | D:11     | Noticed a boulder beetle
 11741 | D:11     | Killed a boulder beetle
 11775 | D:11     | Found a gate leading to a gauntlet.
 11777 | D:11     | Noticed a two-headed ogre
 11784 | Gauntlet | Entered a Gauntlet
 11784 | Gauntlet | Found a transporter.
 11787 | Gauntlet | Found a transporter.
 11788 | Gauntlet | Found a transporter.
 11788 | Gauntlet | Noticed a wretched star
 11792 | Gauntlet | Found a transporter.
 11793 | Gauntlet | Noticed a great orb of eyes
 11796 | Gauntlet | Found a transporter.
 11796 | Gauntlet | Found a transporter.
 11801 | Gauntlet | Found a transporter.
 11816 | Gauntlet | Found a transporter.
 11835 | Gauntlet | Found a transporter.
 11837 | Gauntlet | Noticed a hell beast
 11855 | Gauntlet | Found a transporter.
 11856 | Gauntlet | Found a transporter.
 11857 | Gauntlet | Noticed a seven-headed hydra
 11865 | Gauntlet | Found a transporter.
 12073 | Gauntlet | Killed a great orb of eyes
 12215 | Gauntlet | Identified the +1 cloak of Incorporation {Int+3}
 12266 | Gauntlet | Identified the ring "Fogam" {rElec rN++ Str+6}
 12266 | Gauntlet | Noticed a minotaur
 12273 | Gauntlet | Killed a minotaur
 12434 | D:11     | Killed a two-headed ogre
 12453 | D:11     | Noticed a two-headed ogre
 12461 | D:11     | Killed a two-headed ogre
 12559 | D:11     | You fall into a shaft and drop 1 floor!
 12560 | D:12     | Noticed a two-headed ogre
 12561 | D:12     | Noticed a two-headed ogre
 12566 | D:12     | Killed a two-headed ogre
 12568 | D:12     | Killed a two-headed ogre
 12614 | D:11     | Found a staircase to the Lair.
 12666 | D:11     | Reached skill level 10 in Armour
 13266 | D:12     | Found a staircase to the Orcish Mines.
 13275 | D:12     | Reached XP level 13. HP: 77/79 MP: 22/22
 13360 | D:12     | Reached skill level 5 in Transmutations
 13541 | D:12     | Found a portal to a secret trove of treasure.
 14199 | D:13     | Noticed qdestroyer's ghost (journeyman MiFi)
 14200 | D:13     | Found a runed translucent gate.
 14200 | D:13     | Found a runed translucent gate.
 14200 | D:13     | Found a runed translucent gate.
 14321 | D:13     | Reached ***** piety under Elyvilon
 14346 | D:13     | Killed qdestroyer's ghost
 14548 | Lair:1   | Entered Level 1 of the Lair of Beasts
 15226 | Lair:2   | Reached skill level 5 in Evocations
 15315 | Lair:2   | You fall into a shaft and drop 2 floors!
 15339 | Lair:2   | Found a staircase to the Snake Pit.
 15413 | Lair:2   | Found a staircase to the Shoals.
 15749 | Lair:2   | Gained mutation: Your large and strong wings let you fly.
                  | [Gargoyle growth]
 15749 | Lair:2   | Reached XP level 14. HP: 86/86 MP: 24/24
 15953 | Lair:2   | Learned a level 4 spell: Olgreb's Toxic Radiance
 16019 | Lair:3   | Noticed Sonja
 16031 | Lair:3   | Killed Sonja
 17228 | Lair:4   | Reached ****** piety under Elyvilon
 17869 | Lair:5   | Entered Level 5 of the Lair of Beasts
 17869 | Lair:5   | Found a viscous altar of Jiyva.
 17870 | Lair:5   | Found a staircase to the Slime Pits.
 18205 | Lair:5   | Reached skill level 10 in Fighting
 18221 | Lair:5   | Noticed a dire elephant
 18230 | Lair:5   | Killed a dire elephant
 18242 | Lair:5   | Got Yshoset's Collected Works on Volcanic Kindling
 18246 | Lair:5   | Identified the +0 scale mail of Qaviomut {+Blink rC+++
                  | Dex-2}
 18993 | Orc:1    | Entered Level 1 of the Orcish Mines
 18998 | Orc:1    | Reached XP level 15. HP: 92/92 MP: 26/26
 19011 | Orc:1    | Found Rigeo's Antique Armour Emporium.
 19095 | Orc:1    | Noticed Snorg
 19101 | Orc:1    | Killed Snorg
 19116 | Orc:1    | Noticed Fannar
 19131 | Orc:1    | Killed Fannar
 19135 | Orc:1    | Noticed Harold
 19146 | Orc:1    | Killed Harold
 19147 | Orc:1    | Reached skill level 1 in Earth Magic
 19534 | Orc:1    | Bought a faintly glowing plate armour for 784 gold pieces
 19534 | Orc:1    | Identified the +10 plate armour of the Mordant God
                  | {Rampage} (You bought it in a shop on level 1 of the Orcish
                  | Mines)
 19587 | Orc:2    | Entered Level 2 of the Orcish Mines
 19587 | Orc:2    | Found Xeozo's Book Shop.
 19595 | Orc:2    | Reached skill level 1 in Summonings
 19602 | Orc:2    | Reached skill level 10 in Axes
 19639 | Orc:2    | Found Paheac's Magic Scroll Shoppe.
 19743 | Orc:2    | Bought a manual of Dodging for 1040 gold pieces
 19753 | Orc:2    | Found Qeb Mim's Antique Weapon Boutique.
 19754 | Orc:2    | Found Toammous's Assorted Antiques.
 19756 | Orc:2    | Bought a scroll of identify for 26 gold pieces
 19756 | Orc:2    | Bought a scroll of identify for 26 gold pieces
 19756 | Orc:2    | Bought a scroll of teleportation for 39 gold pieces
 19756 | Orc:2    | Bought a scroll of teleportation for 39 gold pieces
 19756 | Orc:2    | Bought a scroll of teleportation for 39 gold pieces
 19756 | Orc:2    | Bought a scroll of teleportation for 39 gold pieces
 19767 | Orc:2    | Bought a viscous pink potion for 30 gold pieces
 20033 | Orc:2    | Found a staircase to the Elven Halls.
 21071 | D:14     | Found a gate to the Vaults.
 21152 | D:14     | Found a sacrificial altar of Ru.
 21498 | D:15     | Entered Level 15 of the Dungeon
 21527 | D:15     | Reached skill level 10 in Shields
 21803 | D:15     | Reached XP level 16. HP: 99/99 MP: 28/28
 22025 | D:15     | Found a staircase to the Depths.
 22229 | D:11     | Learned a level 2 spell: Wereblood
 22274 | Snake:1  | Entered Level 1 of the Snake Pit
 22351 | Snake:1  | Found Saal See's Jewellery Shop.
 22571 | Snake:1  | Reached skill level 5 in Earth Magic
 23973 | Snake:3  | Noticed a nagaraja
 23982 | Snake:3  | Killed a nagaraja
 23985 | Snake:3  | Noticed Mlioglotl
 23993 | Snake:3  | Noticed Aizul
 24002 | Snake:3  | Killed Mlioglotl
 24003 | Snake:3  | Reached XP level 17. HP: 76/104 MP: 30/30
 24007 | Snake:3  | Killed Aizul
 24047 | Snake:3  | Found Ala Wojustrid's Weapon Shop.
 24074 | Snake:3  | Noticed Donald
 24133 | Snake:3  | Killed Donald
 24176 | Snake:3  | Reached skill level 5 in Summonings
 24342 | Snake:3  | Found Haongor's Magic Scroll Shoppe.
 24345 | Snake:3  | Found Hucvot's Distillery.
 24345 | Snake:3  | Found Guf Ruco's Antique Armour Emporium.
 24348 | Snake:3  | Found Alosm's Weapon Emporium.
 24350 | Snake:3  | Bought a scroll of immolation for 56 gold pieces
 24350 | Snake:3  | Bought a scroll of enchant armour for 105 gold pieces
 24350 | Snake:3  | Bought a scroll of magic mapping for 105 gold pieces
 24353 | Snake:3  | Bought a potion of resistance for 120 gold pieces
 24353 | Snake:3  | Bought a potion of brilliance for 48 gold pieces
 24353 | Snake:3  | Bought a potion of mutation for 96 gold pieces
 24353 | Snake:3  | Bought 2 potions of might for 96 gold pieces
 24353 | Snake:3  | Bought a potion of attraction for 36 gold pieces
 24353 | Snake:3  | Bought a potion of curing for 36 gold pieces
 24359 | Snake:3  | Bought an encrusted cloak for 342 gold pieces
 24359 | Snake:3  | Identified the +0 cloak of the Dungeon {Dex+3} (You bought
                  | it in a shop on level 3 of the Snake Pit)
 24775 | Snake:4  | Entered Level 4 of the Snake Pit
 24799 | Snake:4  | Noticed Vashnia
 24995 | Snake:4  | Killed Vashnia
 25034 | Snake:4  | Reached skill level 10 in Dodging
 25268 | Snake:4  | Found a transporter.
 25300 | Snake:4  | Noticed Tuffe's ghost (adept FoFi)
 25353 | Snake:4  | Found a transporter.
 25377 | Snake:4  | Killed Tuffe's ghost
 25381 | Snake:4  | Identified the ring of the Invisible Hand {Ice rPois Str+2
                  | Dex-4}
 25909 | Snake:4  | Reached XP level 18. HP: 112/112 MP: 31/31
 25914 | Snake:4  | Reached skill level 10 in Spellcasting
 26036 | Snake:4  | Got a serpentine rune of Zot
 26528 | Shoals:1 | Entered Level 1 of the Shoals
 26528 | Shoals:1 | Noticed Nikola
 26538 | Shoals:1 | Killed Nikola
 26684 | Shoals:1 | Acquired a manual of Armour
 27719 | Shoals:2 | Found a runed translucent gate.
 27720 | Shoals:2 | Found a runed translucent gate.
 27721 | Shoals:2 | Found a runed translucent gate.
 27722 | Shoals:2 | Noticed KappaVara's ghost (adept DsFi)
 27723 | Shoals:2 | Noticed Tang's ghost (adept TeAE)
 28092 | Shoals:2 | Killed Tang's ghost
 28114 | Shoals:2 | Killed KappaVara's ghost
 28198 | Shoals:3 | Noticed Bai Suzhen
 28252 | Shoals:3 | Killed Bai Suzhen
 28989 | Shoals:4 | Entered Level 4 of the Shoals
 29277 | Shoals:4 | Reached XP level 19. HP: 118/119 MP: 33/33
 29387 | Shoals:4 | Reached skill level 10 in Earth Magic
 29477 | Shoals:4 | Identified the +6 quarterstaff of Dim Light {drain, rN++}
 29600 | Shoals:4 | Reached skill level 15 in Armour
 29683 | Shoals:4 | Got a barnacled rune of Zot
 30496 | Vaults:1 | Entered Level 1 of the Vaults
 30739 | Vaults:1 | Reached XP level 20. HP: 89/126 MP: 35/35
 30930 | Vaults:1 | Found a magical portal.
 30936 | WizLab   | Entered Iskenderun's Mystic Tower
 31889 | WizLab   | Got the Papyrus of the Serac
 31904 | WizLab   | Got Iskenderun's Collected Works on Destruction
 31907 | WizLab   | Got Iskenderun's Vellum of Trauma
 32090 | WizLab   | Learned a level 3 spell: Stone Arrow
 32365 | Vaults:1 | Identified the +11 scimitar of Dousois {venom, Will++
                  | Str-2}
 32733 | Vaults:2 | Noticed Sojobo
 32741 | Vaults:2 | Paralysed by an air elemental for 1 turns
 32745 | Vaults:2 | Paralysed by an air elemental for 1 turns
 32845 | Vaults:2 | Found a staircase to the Crypt.
 32936 | Vaults:2 | Noticed Mennas
 33022 | Vaults:1 | Killed Mennas
 33184 | Vaults:2 | Killed Sojobo
 33587 | Vaults:2 | Reached skill level 10 in Evocations
 33676 | Vaults:2 | Reached XP level 21. HP: 132/132 MP: 36/36
 35275 | Vaults:4 | Reached skill level 10 in Summonings
 35369 | Vaults:4 | Paralysed by a floating eye for 3 turns
 35817 | Vaults:4 | Reached skill level 15 in Axes
 35997 | Vaults:4 | Reached XP level 22. HP: 139/139 MP: 38/38
 36797 | D:14     | Gained mutation: Armour fits poorly on your strangely
                  | shaped body. [potion of mutation]
 36797 | D:14     | Gained mutation: You have large cloven feet. [potion of
                  | mutation]
 36797 | D:14     | Gained mutation: Your skin changes colour to match your
                  | surroundings (Stealth+). [potion of mutation]
 36797 | D:14     | Gained mutation: You are partially covered in iridescent
                  | scales. (AC +2) [potion of mutation]
 36798 | D:14     | Lost mutation: You have large cloven feet. [potion of
                  | mutation]
 36798 | D:14     | Lost mutation: Your skin changes colour to match your
                  | surroundings (Stealth+). [potion of mutation]
 36798 | D:14     | Lost mutation: You are partially covered in iridescent
                  | scales. (AC +2) [potion of mutation]
 36798 | D:14     | Gained mutation: You passively map a small area around you.
                  | [potion of mutation]
 36798 | D:14     | Gained mutation: Your spells are a little harder to cast,
                  | but a little more powerful. [potion of mutation]
 36800 | D:14     | Lost mutation: Your spells are a little harder to cast, but
                  | a little more powerful. [potion of mutation]
 36800 | D:14     | Lost mutation: Armour fits poorly on your strangely shaped
                  | body. [potion of mutation]
 36800 | D:14     | Lost mutation: You passively map a small area around you.
                  | [potion of mutation]
 36800 | D:14     | Gained mutation: Armour fits poorly on your strangely
                  | shaped body. [potion of mutation]
 36800 | D:14     | Gained mutation: You are agile. (Dex +4, Str/Int -1)
                  | [potion of mutation]
 36801 | D:14     | Lost mutation: You are agile. (Dex +4, Str/Int -1) [potion
                  | of mutation]
 36801 | D:14     | Lost mutation: Armour fits poorly on your strangely shaped
                  | body. [potion of mutation]
 36801 | D:14     | Gained mutation: You possess an exceptional clarity of
                  | mind. [potion of mutation]
 36801 | D:14     | Gained mutation: You have large cloven feet. [potion of
                  | mutation]
 36801 | D:14     | Gained mutation: Your spells are a little easier to cast,
                  | but a little less powerful. [potion of mutation]
 36801 | D:14     | Gained mutation: Your muscles are strong. (Str +4, Int/Dex
                  | -1) [potion of mutation]
 36802 | D:14     | Lost mutation: You possess an exceptional clarity of mind.
                  | [potion of mutation]
 36802 | D:14     | Lost mutation: You have large cloven feet. [potion of
                  | mutation]
 36802 | D:14     | Gained mutation: Your spells are easier to cast, but less
                  | powerful. [potion of mutation]
 36803 | D:14     | Lost mutation: Your muscles are strong. (Str +4, Int/Dex
                  | -1) [potion of mutation]
 36803 | D:14     | Lost mutation: Your spells are easier to cast, but less
                  | powerful. [potion of mutation]
 36803 | D:14     | Lost mutation: Your spells are a little easier to cast, but
                  | a little less powerful. [potion of mutation]
 36803 | D:14     | Gained mutation: You occasionally lose the ability to drink
                  | potions when taking damage. [potion of mutation]
 36803 | D:14     | Gained mutation: You have sharp toenails. [potion of
                  | mutation]
 36804 | D:14     | Lost mutation: You have sharp toenails. [potion of
                  | mutation]
 36804 | D:14     | Lost mutation: You occasionally lose the ability to drink
                  | potions when taking damage. [potion of mutation]
 36804 | D:14     | Gained mutation: You expend magic power (3 MP) to
                  | strengthen your wands. [potion of mutation]
 36804 | D:14     | Gained mutation: Your body sometimes deteriorates upon
                  | taking damage. [potion of mutation]
 36804 | D:14     | Gained mutation: Your flesh is heat resistant. (rF+)
                  | [potion of mutation]
 36804 | D:14     | Gained mutation: You are partially covered in iridescent
                  | scales. (AC +2) [potion of mutation]
 36805 | D:14     | Lost mutation: Your flesh is heat resistant. (rF+) [potion
                  | of mutation]
 36805 | D:14     | Lost mutation: You expend magic power (3 MP) to strengthen
                  | your wands. [potion of mutation]
 36805 | D:14     | Gained mutation: You are clumsy. (Dex -2) [potion of
                  | mutation]
 37027 | Elf:1    | Entered Level 1 of the Elven Halls
 37215 | Elf:1    | Reached skill level 15 in Fighting
 37309 | Elf:1    | Found Ylier's Magic Scroll Shop.
 37312 | Elf:1    | Bought a scroll of magic mapping for 120 gold pieces
 37312 | Elf:1    | Bought a scroll of enchant weapon for 120 gold pieces
 37312 | Elf:1    | Bought a scroll of immolation for 64 gold pieces
 37312 | Elf:1    | Bought a scroll of fear for 64 gold pieces
 37312 | Elf:1    | Bought a scroll of teleportation for 48 gold pieces
 37423 | Elf:1    | Got the Anthology of Transmogrification
 37510 | Elf:1    | Got Lee's Papyrus of Scree
 37567 | Elf:1    | Paralysed by an air elemental for 1 turns
 37633 | Elf:1    | Got the Essays on the Coals
 37783 | Elf:1    | Got Mara's Essays on the Swarm
 37843 | Elf:1    | Got the Directory of the Illusory Seas
 37955 | Elf:1    | Got the Compilation of Pollution
 37999 | Elf:1    | Lost mutation: You are clumsy. (Dex -2) [potion of
                  | mutation]
 37999 | Elf:1    | Lost mutation: Your body sometimes deteriorates upon taking
                  | damage. [potion of mutation]
 37999 | Elf:1    | Gained mutation: Your body sometimes deteriorates upon
                  | taking damage. [potion of mutation]
 38000 | Elf:1    | Lost mutation: You are partially covered in iridescent
                  | scales. (AC +2) [potion of mutation]
 38000 | Elf:1    | Lost mutation: Your body sometimes deteriorates upon taking
                  | damage. [potion of mutation]
 38000 | Elf:1    | Gained mutation: Your body sometimes deteriorates upon
                  | taking damage. [potion of mutation]
 38000 | Elf:1    | Gained mutation: Your magical capacity is low. (-10% MP)
                  | [potion of mutation]
 38000 | Elf:1    | Gained mutation: You are partially covered in iridescent
                  | scales. (AC +2) [potion of mutation]
 38001 | Elf:1    | Lost mutation: You are partially covered in iridescent
                  | scales. (AC +2) [potion of mutation]
 38001 | Elf:1    | Lost mutation: Your body sometimes deteriorates upon taking
                  | damage. [potion of mutation]
 38001 | Elf:1    | Gained mutation: You have a pair of small horns on your
                  | head. [potion of mutation]
 38001 | Elf:1    | Gained mutation: Your magical capacity is very low. (-20%
                  | MP) [potion of mutation]
 38001 | Elf:1    | Gained mutation: You are dopey. (Int -2) [potion of
                  | mutation]
 38001 | Elf:1    | Lost mutation: You are dopey. (Int -2) [potion of mutation]
 38002 | Elf:1    | Lost mutation: Your magical capacity is very low. (-20% MP)
                  | [potion of mutation]
 38002 | Elf:1    | Lost mutation: Your magical capacity is low. (-10% MP)
                  | [potion of mutation]
 38002 | Elf:1    | Gained mutation: Your spells are a little easier to cast,
                  | but a little less powerful. [potion of mutation]
 38002 | Elf:1    | Gained mutation: You possess an exceptional clarity of
                  | mind. [potion of mutation]
 38002 | Elf:1    | Gained mutation: You are weak. (Str -2) [potion of
                  | mutation]
 38343 | Elf:2    | Found a runed translucent gate.
 38343 | Elf:2    | Found a runed translucent gate.
 38344 | Elf:2    | Found a runed translucent gate.
 38553 | Elf:2    | Found Zustoaf's Magic Scroll Shoppe.
 38556 | Elf:2    | Bought a scroll of immolation for 52 gold pieces
 38556 | Elf:2    | Bought a scroll of fear for 52 gold pieces
 38556 | Elf:2    | Bought a scroll of teleportation for 39 gold pieces
 38556 | Elf:2    | Bought a scroll of poison for 52 gold pieces
 38752 | Elf:2    | Reached skill level 10 in Fire Magic
 39154 | Elf:3    | Entered Level 3 of the Elven Halls
 39308 | Elf:3    | Reached XP level 23. HP: 135/145 MP: 39/39
 39508 | Elf:3    | Identified the +7 morningstar "Tormentor" {distort, Stlth+}
 39646 | Elf:3    | Identified the +5 plate armour of the Marlin {Rampage Str-4
                  | Int+7}
 39650 | Elf:3    | Identified the +2 shortbow of Ujaex {flame, Str+3 Dex-2
                  | SInv Stlth+}
 39652 | Elf:3    | Identified the staff of death "Zoewn" {Drain rPois rC+++
                  | rN+ Int-3}
 39653 | Elf:3    | Identified the staff of earth "Nurgheips" {rN++}
 39660 | Elf:3    | Identified the staff of cold "Feqy" {Fly rC+ Str+3}
 40414 | D:12     | Learned a level 3 spell: Ignite Poison
 40746 | Slime:1  | Entered Level 1 of the Pits of Slime
 40763 | Slime:1  | Gained mutation: You do not regenerate when monsters are
                  | visible. [a shining eye]
 40950 | Slime:2  | Paralysed by a floating eye for 4 turns
 40954 | Slime:2  | Lost mutation: You are weak. (Str -2) [a shining eye]
 40958 | Slime:1  | Paralysed by a floating eye for 2 turns
 41203 | Slime:2  | You are sucked into a shaft and drop 2 floors!
 41699 | Slime:5  | Entered Level 5 of the Pits of Slime
 41725 | Slime:5  | Noticed the Royal Jelly
 43081 | Slime:5  | Found a viscous altar of Jiyva.
 43082 | Slime:5  | Found the +9 staff of Olgreb {rPois∞}
 43211 | Slime:5  | Reached XP level 24. HP: 150/152 MP: 40/40
 43382 | Slime:5  | Found the +7 sceptre of Torment {pain, torment}
 43382 | Slime:5  | Found the +12 glaive of Prune {freeze, Prune}
 43526 | Lair:5   | Fell from the grace of Elyvilon
 43526 | Lair:5   | Became a worshipper of Jiyva Jehucw the Shapeless
 46477 | Shoals:2 | You are sucked into a shaft and drop 1 floor!
 46844 | Crypt:1  | Entered Level 1 of the Crypt
 47903 | Crypt:2  | Identified the ring "Wolaran" {Ice rElec rN+ Stlth+}
 47903 | Crypt:2  | Noticed Josephina
 48233 | Crypt:1  | Killed Josephina
 48664 | Crypt:2  | Reached * piety under Jiyva
 48706 | Crypt:2  | Identified the +0 helmet of the Pirate {Stlth+}
 49037 | Crypt:3  | Entered Level 3 of the Crypt
 49086 | Crypt:3  | Reached skill level 15 in Dodging
 49230 | Crypt:3  | Found a staircase to the Tomb.
 49356 | Crypt:3  | Reached ** piety under Jiyva
 49573 | Crypt:3  | Found a basalt altar of Yredelemnul.
 50582 | Depths:1 | Entered Level 1 of the Depths
 50592 | Depths:1 | Found Ripuicul's Changing Room.
 50607 | Depths:1 | Bought 2 potions of mutation for 336 gold pieces
 50626 | Depths:1 | Found a gateway to Hell.
 50647 | Depths:1 | Found a one-way gate to the infinite horrors of the Abyss.
 50743 | Depths:1 | Found a stormy altar of Qazlal.
 50852 | Depths:1 | Reached *** piety under Jiyva
 50937 | Depths:1 | Found a runed translucent gate.
 50939 | Depths:1 | Found a runed translucent gate.
 50983 | Depths:1 | Lost mutation: You do not regenerate when monsters are
                  | visible. [Jiyva's grace]
 50983 | Depths:1 | Gained mutation: You passively map a small area around you.
                  | [Jiyva's grace]
 50983 | Depths:1 | Gained mutation: You passively map the area around you.
                  | [Jiyva's grace]
 50983 | Depths:1 | Gained mutation: You passively map a large area around you.
                  | [Jiyva's grace]
 50983 | Depths:1 | Gained mutation: Your flesh is cold resistant. (rC+)
                  | [Jiyva's grace]
 51087 | Depths:1 | Noticed Wiaruich's ghost (adept DsAK)
 51098 | Depths:1 | Found a runed translucent gate.
 51129 | Depths:1 | Reached XP level 25. HP: 134/159 MP: 40/40
 51207 | Depths:1 | Identified the +0 chain mail "Hose" {Dex+2}
 51553 | Depths:2 | Reached skill level 15 in Earth Magic
 51674 | Depths:2 | Reached **** piety under Jiyva
 51908 | Depths:2 | Found a one-way gate leading to the halls of Pandemonium.
 52221 | Depths:2 | Reached skill level 10 in Poison Magic
 52262 | Depths:2 | Lost mutation: Your spells are a little easier to cast, but
                  | a little less powerful. [Jiyva's grace]
 52262 | Depths:2 | Gained mutation: Your movements are slightly less
                  | encumbered by armour. (ER -2) [Jiyva's grace]
 52262 | Depths:2 | Gained mutation: Your movements are less encumbered by
                  | armour. (ER -4) [Jiyva's grace]
 52262 | Depths:2 | Gained mutation: Your movements are significantly less
                  | encumbered by armour. (ER -6) [Jiyva's grace]
 52262 | Depths:2 | Gained mutation: Your rubbery body absorbs attacks. (AC +1,
                  | EV +1) [Jiyva's grace]
 52281 | Depths:2 | Identified the ring "Irazoath" {rF+ rN+ Str+4 Dex+2}
 52286 | Depths:2 | Identified the ring of the Evening {rF+ Int+6 Dex+2}
 52328 | Depths:2 | Noticed a juggernaut
 52366 | Depths:2 | Killed a juggernaut
 52417 | Depths:2 | Identified the amulet "Peinezeps" {Reflect Rampage Regen+
                  | SH+5 Stlth-}
 52441 | Depths:2 | Identified the ring "Lowoj" {Will+ AC+4 Str+2}
 52787 | Depths:3 | You are sucked into a shaft and drop 1 floor!
 52787 | Depths:4 | Entered Level 4 of the Depths
 52787 | Depths:4 | Found a gate to the Realm of Zot.
 53130 | Depths:4 | Identified the +5 scale mail of Objectivity {Contam rF+
                  | Will++ Int+3}
 53342 | Depths:4 | Reached ***** piety under Jiyva
 53383 | Depths:4 | Acquired 1247 gold pieces
 53441 | Depths:4 | Got the Guidebook on Hurtful Moulding
 53539 | Depths:4 | Found a one-way gateway to a ziggurat.
 54107 | Depths:3 | Reached skill level 15 in Summonings
 54162 | Depths:3 | Reached XP level 26. HP: 164/166 MP: 41/41
 54186 | Depths:3 | Identified the ring "Zough" {Fire Str+3}
 54339 | Depths:3 | Identified the +3 dire flail of Wudi {heavy, rN+ Str+3
                  | Dex+2}
 54372 | Depths:3 | Learned a level 7 spell: Monstrous Menagerie
 54382 | Depths:3 | Learned a level 7 spell: Summon Hydra
 54388 | Depths:3 | Learned a level 5 spell: Fireball
 54394 | Depths:3 | Learned a level 5 spell: Summon Forest
 54513 | Depths:3 | Noticed topfpfpflanze's ghost (veteran TeAE)
 54680 | Depths:3 | Found a runed translucent gate.
 54680 | Depths:3 | Found a runed translucent gate.
 54680 | Depths:3 | Found a runed translucent gate.
 54705 | Depths:3 | Lost mutation: Your movements are significantly less
                  | encumbered by armour. (ER -6) [Jiyva's grace]
 54705 | Depths:3 | Gained mutation: Your melee attacks may engulf your foes in
                  | ooze. [Jiyva's grace]
 54705 | Depths:3 | Gained mutation: You have an increased reservoir of magic.
                  | (+10% MP) [Jiyva's grace]
 54705 | Depths:3 | Gained mutation: You have a considerably increased
                  | reservoir of magic. (+20% MP) [Jiyva's grace]
 54705 | Depths:3 | Gained mutation: You have a greatly increased reservoir of
                  | magic. (+30% MP) [Jiyva's grace]
 54820 | Depths:3 | Killed topfpfpflanze's ghost
 56624 | Orc:2    | Bought the +8 mithril axe "Arga" {speed, Will+} for 1679
                  | gold pieces
 56624 | Orc:2    | Found the +8 mithril axe "Arga" {speed, Will+}
 66036 | Vaults:5 | Entered Level 5 of the Vaults
 66186 | Vaults:5 | Noticed an ancient lich
 66497 | Vaults:5 | Noticed a dread lich
 66503 | Vaults:5 | Killed an ancient lich
 66505 | Vaults:5 | Killed a dread lich
 66507 | Vaults:5 | Reached skill level 10 in Conjurations
 66546 | Vaults:5 | Identified the +11 whip "Ironker" {venom, rElec Will+}
 66554 | Vaults:5 | Noticed Margery
 66559 | Vaults:5 | Reached skill level 15 in Spellcasting
 66568 | Vaults:5 | Killed Margery
 66572 | Vaults:5 | Reached XP level 27. HP: 167/173 MP: 40/54
 66578 | Vaults:5 | Noticed an ancient lich
 66591 | Vaults:5 | Killed an ancient lich
 66677 | Vaults:5 | Identified the +0 robe of the Swan {rC- Will++ SInv}
 66725 | Vaults:5 | Identified the +0 ring mail of Tatevy {rElec rC+ rN+ rCorr}
 66750 | Vaults:5 | Identified the +9 hand axe of the Tooth {heavy, Fly}
 66770 | Vaults:5 | Identified the staff of conjuration "Owickixt" {Fly rElec
                  | rF++ Str-4}
 66944 | Vaults:5 | Identified the +9 quarterstaff "Impslayer" {freeze, Fragile
                  | rElec Int+2 SInv}
 66945 | Vaults:5 | Identified the amulet "Jaosola" {+Blink Will+ Regen+}
 67058 | Vaults:5 | Identified the +2 scale mail of the Tentacled God {Str+2
                  | Int+3}
 67065 | Vaults:5 | Got a silver rune of Zot
 67068 | Vaults:5 | Identified the staff of air "Vaavowk" {rElec rCorr}
 67209 | Vaults:5 | Identified the +5 morningstar "Akloeqat" {heavy, Contam
                  | +Blink Int+3}
 68327 | Depths:1 | Voluntarily entered the Abyss.
 68333 | Abyss:1  | Found a corrupted altar of Lugonu.
 68346 | Abyss:1  | Found a corrupted altar of Lugonu.
 68531 | Abyss:1  | Paralysed by accursed screaming for 1 turns
 68593 | Abyss:1  | Lost mutation: You have a greatly increased reservoir of
                  | magic. (+30% MP) [Jiyva's grace]
 68593 | Abyss:1  | Lost mutation: You passively map a large area around you.
                  | [Jiyva's grace]
 68593 | Abyss:1  | Lost mutation: Your movements are less encumbered by
                  | armour. (ER -4) [Jiyva's grace]
 68593 | Abyss:1  | Lost mutation: Your movements are slightly less encumbered
                  | by armour. (ER -2) [Jiyva's grace]
 68593 | Abyss:1  | Gained mutation: You are strong-willed. (Will+) [Jiyva's
                  | grace]
 68593 | Abyss:1  | Gained mutation: You are highly strong-willed. (Will++)
                  | [Jiyva's grace]
 68593 | Abyss:1  | Gained mutation: You are extremely strong-willed. (Will+++)
                  | [Jiyva's grace]
 68593 | Abyss:1  | Gained mutation: You are partially covered in iridescent
                  | scales. (AC +2) [Jiyva's grace]
 68718 | Abyss:1  | Gained mutation: Your body sometimes deteriorates upon
                  | taking damage. [a cacodemon]
 68748 | Abyss:1  | Paralysed by accursed screaming for 1 turns
 68754 | Abyss:1  | Paralysed by accursed screaming for 1 turns
 69413 | Abyss:4  | Gained mutation: You occasionally shout uncontrollably at
                  | your foes. [a cacodemon]
 69414 | Abyss:4  | Gained mutation: You occasionally lose the ability to read
                  | scrolls when taking damage. [a cacodemon]
 69505 | Abyss:4  | Found a corrupted altar of Lugonu.
 69560 | Abyss:4  | Gained mutation: Armour fits poorly on your strangely
                  | shaped body. [a neqoxec]
 69606 | Abyss:4  | Paralysed by accursed screaming for 1 turns
 69629 | Abyss:4  | Paralysed by accursed screaming for 1 turns
 69667 | Abyss:4  | Reached ****** piety under Jiyva
 69876 | Abyss:4  | Paralysed by accursed screaming for 1 turns
 69900 | Depths:1 | Escaped the Abyss
 70421 | Slime:5  | Identified the amulet of Meleto {Faith Harm rF+ Int+3}
 70424 | Slime:5  | Identified the amulet of Tilail {Acrobat Str+4}
 70453 | Slime:5  | Identified the +7 whip "Xiqec" {venom, Will+ Dex+3}
 70456 | Slime:5  | Got a slimy rune of Zot
 70471 | Slime:5  | Got the Enchiridion on the Virulent Shot
 70474 | Slime:5  | Identified the staff of poison "Cumocaa" {rPois SInv}
 71421 | Depths:1 | Voluntarily entered the Abyss.
 71425 | Abyss:4  | Found a corrupted altar of Lugonu.
 71429 | Abyss:4  | Found a corrupted altar of Lugonu.
 71460 | Abyss:4  | Found a corrupted altar of Lugonu.
 71658 | Abyss:4  | Paralysed by accursed screaming for 2 turns
 71987 | Abyss:4  | Got an abyssal rune of Zot
 71998 | Abyss:4  | Paralysed by accursed screaming for 2 turns
 72028 | Abyss:4  | Lost mutation: You possess an exceptional clarity of mind.
                  | [Jiyva's grace]
 72028 | Abyss:4  | Lost mutation: Armour fits poorly on your strangely shaped
                  | body. [Jiyva's grace]
 72028 | Abyss:4  | Lost mutation: You have a considerably increased reservoir
                  | of magic. (+20% MP) [Jiyva's grace]
 72028 | Abyss:4  | Lost mutation: You occasionally shout uncontrollably at
                  | your foes. [Jiyva's grace]
 72028 | Abyss:4  | Lost mutation: Your rubbery body absorbs attacks. (AC +1,
                  | EV +1) [Jiyva's grace]
 72028 | Abyss:4  | Gained mutation: Your rubbery body absorbs attacks. (AC +1,
                  | EV +1) [Jiyva's grace]
 72028 | Abyss:4  | Gained mutation: Your pliable body absorbs attacks. (AC +2,
                  | EV +2) [Jiyva's grace]
 72028 | Abyss:4  | Gained mutation: Your gelatinous body deflects attacks. (AC
                  | +3, EV +3) [Jiyva's grace]
 72028 | Abyss:4  | Gained mutation: You have a pair of horns on your head.
                  | [Jiyva's grace]
 72090 | Abyss:5  | Found a corrupted altar of Lugonu.
 72111 | Depths:1 | Escaped the Abyss
 72154 | Hell     | Entered the Vestibule of Hell
 72168 | Hell     | Noticed Geryon
 72187 | Hell     | Killed Geryon
 72200 | Hell     | Was placed under penance by Jiyva
 72332 | Hell     | Found a gateway to the ashen valley of Gehenna.
 72436 | Hell     | Found a gateway to the Iron City of Dis.
 72468 | Hell     | Paralysed by a wendigo for 1 turns
 72487 | Hell     | Found a gateway to the freezing wastes of Cocytus.
 72589 | Hell     | Found a gateway to the decaying netherworld of Tartarus.
 72743 | Geh:1    | Entered Level 1 of Gehenna
 72896 | Geh:1    | Was forgiven by Jiyva
 74179 | Geh:6    | Noticed an ancient lich
 74192 | Geh:6    | Killed an ancient lich
 74450 | Geh:7    | Entered Level 7 of Gehenna
 75257 | Geh:7    | Found the +13 sceptre of Asmodeus
 75257 | Geh:7    | Noticed Asmodeus
 75292 | Geh:7    | Killed Asmodeus
 75333 | Geh:7    | Got an obsidian rune of Zot
 75611 | Tar:1    | Entered Level 1 of Tartarus
 75729 | Tar:1    | Reached skill level 1 in Maces & Flails
 75805 | Tar:2    | Lost mutation: Your body sometimes deteriorates upon taking
                  | damage. [Jiyva's grace]
 75805 | Tar:2    | Lost mutation: You have an increased reservoir of magic.
                  | (+10% MP) [Jiyva's grace]
 75805 | Tar:2    | Lost mutation: You occasionally lose the ability to read
                  | scrolls when taking damage. [Jiyva's grace]
 75805 | Tar:2    | Gained mutation: You passively map a large area around you.
                  | [Jiyva's grace]
 75805 | Tar:2    | Gained mutation: Your skin changes colour to match your
                  | surroundings (Stealth+). [Jiyva's grace]
 75805 | Tar:2    | Gained mutation: Your skin blends seamlessly with your
                  | surroundings (Stealth++). [Jiyva's grace]
 75805 | Tar:2    | Gained mutation: Your skin perfectly mimics your
                  | surroundings (Stealth+++). [Jiyva's grace]
 76061 | Tar:5    | Reached skill level 15 in Fire Magic
 76287 | Tar:7    | Entered Level 7 of Tartarus
 76660 | Tar:7    | Reached skill level 5 in Maces & Flails
 76914 | Tar:7    | Identified the +3 hand axe "Ivoegep" {flame, rElec Will-
                  | Str+3}
 77165 | Tar:7    | Noticed Ereshkigal
 77217 | Tar:7    | Killed Ereshkigal
 77249 | Tar:7    | Identified the ring "Icleumn" {Wiz rC+}
 77253 | Tar:7    | Got the Directory of Amassed Evil Secrets
 77254 | Tar:7    | Identified the +0 buckler of the Orb Guardian {Rampage}
 77257 | Tar:7    | Got a bone rune of Zot
 77259 | Tar:7    | Identified the +1 trident "Werutsed" {flame, *Rage rF+
                  | SInv}
 79296 | Dis:1    | Entered Level 1 of the Iron City of Dis
 79989 | Dis:3    | Found a huge runed gate.
 80028 | Dis:3    | Found a huge runed gate.
 80028 | Dis:3    | Found a huge runed gate.
 80028 | Dis:3    | Found a huge runed gate.
 80028 | Dis:3    | Found a huge runed gate.
 80045 | Dis:3    | Found a huge runed gate.
 80046 | Dis:3    | Lost mutation: Your skin perfectly mimics your surroundings
                  | (Stealth+++). [Jiyva's grace]
 80046 | Dis:3    | Lost mutation: You passively map a large area around you.
                  | [Jiyva's grace]
 80046 | Dis:3    | Lost mutation: Your gelatinous body deflects attacks. (AC
                  | +3, EV +3) [Jiyva's grace]
 80046 | Dis:3    | Lost mutation: Your melee attacks may engulf your foes in
                  | ooze. [Jiyva's grace]
 80046 | Dis:3    | Gained mutation: You have very sharp teeth. [Jiyva's grace]
 80046 | Dis:3    | Gained mutation: You have extremely sharp teeth. [Jiyva's
                  | grace]
 80046 | Dis:3    | Gained mutation: You have razor-sharp teeth. [Jiyva's
                  | grace]
 80046 | Dis:3    | Gained mutation: You are covered in slimy tendrils that may
                  | disarm your opponents. [Jiyva's grace]
 80046 | Dis:3    | Found a huge runed gate.
 80046 | Dis:3    | Found a huge runed gate.
 80046 | Dis:3    | Found a huge runed gate.
 80047 | Dis:3    | Found a huge runed gate.
 80048 | Dis:3    | Found a huge runed gate.
 80049 | Dis:3    | Found a huge runed gate.
 80050 | Dis:3    | Found a huge runed gate.
 80364 | Coc:1    | Entered Level 1 of Cocytus
 80391 | Coc:1    | Paralysed by a wendigo for 1 turns
 80587 | Coc:2    | Paralysed by a wendigo for 1 turns
 80722 | Coc:3    | Paralysed by a wendigo for 1 turns
 80764 | Coc:3    | Paralysed by a wendigo for 1 turns
 80770 | Coc:3    | Paralysed by a wendigo for 1 turns
 81356 | Coc:4    | Paralysed by a wendigo for 1 turns
 82312 | Coc:7    | Entered Level 7 of Cocytus
 82458 | Coc:7    | Reached skill level 10 in Maces & Flails
 82501 | Coc:7    | Paralysed by a wendigo for 1 turns
 82559 | Coc:7    | Paralysed by a wendigo for 1 turns
 82565 | Coc:7    | Paralysed by a wendigo for 1 turns
 82590 | Coc:7    | Paralysed by a wendigo for 1 turns
 82604 | Coc:7    | Paralysed by a wendigo for 1 turns
 82610 | Coc:7    | Paralysed by a wendigo for 1 turns
 82886 | Coc:7    | Paralysed by a wendigo for 1 turns
 83145 | Coc:7    | Noticed Antaeus
 83195 | Coc:7    | Killed Antaeus
 83247 | Coc:7    | Got an icy rune of Zot
 83255 | Coc:7    | Identified the +6 hand axe of Fimbulwinter {freeze, rC+
                  | Dex+4}
 84771 | Dis:5    | You are sucked into a shaft and drop 1 floor!
 84771 | Dis:6    | Noticed an ancient lich
 84779 | Dis:6    | Slimified an ancient lich
 84944 | Dis:7    | Entered Level 7 of the Iron City of Dis
 85042 | Dis:7    | Noticed a dread lich
 85054 | Dis:7    | Killed a dread lich
 85151 | Dis:7    | Lost mutation: You have razor-sharp teeth. [Jiyva's grace]
 85151 | Dis:7    | Lost mutation: You have a pair of horns on your head.
                  | [Jiyva's grace]
 85151 | Dis:7    | Lost mutation: Your skin blends seamlessly with your
                  | surroundings (Stealth++). [Jiyva's grace]
 85151 | Dis:7    | Lost mutation: You are extremely strong-willed. (Will+++)
                  | [Jiyva's grace]
 85151 | Dis:7    | Lost mutation: You are covered in slimy tendrils that may
                  | disarm your opponents. [Jiyva's grace]
 85151 | Dis:7    | Gained mutation: Your spells are a little harder to cast,
                  | but a little more powerful. [Jiyva's grace]
 85151 | Dis:7    | Gained mutation: Your spells are harder to cast, but more
                  | powerful. [Jiyva's grace]
 85151 | Dis:7    | Gained mutation: Your spells are much harder to cast, but
                  | much more powerful. [Jiyva's grace]
 85151 | Dis:7    | Gained mutation: A frigid envelope surrounds you and
                  | freezes all who hurt you. [Jiyva's grace]
 85228 | Dis:7    | Noticed a juggernaut
 85254 | Dis:7    | Killed a juggernaut
 85265 | Dis:7    | HP: 1/186 [Hell Sentinel/iron shot (76)]
 85265 | Dis:7    | Annihilated by an iron giant

Illustrated notes

Levels and vault maps discovered:
D:1:      minmay_arrival_solitary_statue, layout_rooms,
          ebering_ecumenical_altar_hall, minmay_distorted
D:2:      layout_rooms, basic_altar, minmay_close_crescents
D:3:      layout_loops_cross, serial_shops, shop
D:4:      layout_cave_pools
D:5:      layout_loops_cross, grunt_dithmenos_smoke_and_mirrors,
          elyvilon_altar_5, minmay_circle_x
D:6:      layout_basic, nzn_wu_jian_council_hall, chequers_ossuary_entry_cave,
          uniq_pikel
D:7:      layout_basic, gammafunk_temple_overflow_wave,
          minmay_temple_entry_junction_2, nicolae_hexahallways,
          kennysheep_cross_room, kennysheep_generic_room_9
D:8:      layout_gridville, kennysheep_generic_room_12
D:9:      layout_grid_maze, uniq_erolcha
D:10:     layout_roguey, mainiacjoe_overflow_paths,
          nicolae_overflow_hidden_temple, enter_bailey_2, minmay_pinched_square
D:11:     layout_long_grid, dpeg_oklobed_lair, gauntlet_entry_generic
D:12:     layout_rooms, erik_orc_3, nicolae_trove_entry_path_of_doom
D:13:     layout_small_grid, gammafunk_ghost_nasty_kobolds
D:14:     layout_stronghold, david_vaults_4, lemuel_round_altar
D:15:     hangedman_depths_entry_civil_slaughter, layout_gridville
Temple:   hellmonk_temple_divided_pantheon
Lair:1:   layout_regular_city
Lair:2:   layout_cave_pods, minmay_shoals_entry_beasts,
          minmay_snake_entry_spellcaster, serial_bayou_shore_a,
          grunt_megastairs_4
Lair:3:   layout_layer_cave, kennysheep_abandoned_house, uniq_sonja
Lair:4:   layout_loops_ring
Lair:5:   grunt_lair_end_beastmaster, layout_hall_layers,
          nicolae_slime_entry_slimehenge, chequers_serial_rivers_large_b
Shoals:1: layout_shoals, uniq_nikola
Shoals:2: layout_shoals, gammafunk_ghost_cemetery
Shoals:3: layout_shoals, nicolae_shoals_shepherds, uniq_bai_suzhen
Shoals:4: shoals_end_grunt_ice, layout_shoals
Snake:1:  layout_grid_shapes, serial_shops, nicolae_shop_waterfront,
          nicolae_snake_lava_pool, grunt_megastairs_3
Snake:2:  layout_chambers
Snake:3:  layout_basic, serial_shops, shop, minmay_shoptagon,
          grunt_megastairs_5, uniq_aizul, uniq_mlioglotl, uniq_donald
Snake:4:  grunt_snake_rune_spirals, layout_onion_interference,
          gammafunk_ghost_berserking_beasts, uniq_vashnia
Slime:1:  layout_caves
Slime:2:  layout_caves, nicolae_slime_getting_an_eyeful
Slime:3:  layout_caves
Slime:4:  layout_caves
Slime:5
Orc:1:    layout_diamond_mine, serial_shops, shop, mines1_david, uniq_fannar,
          uniq_snorg, uniq_harold
Orc:2:    st_orc_open, layout_caves
Elf:1:    nicolae_elf_arrival_no_cutting_in_line, layout_geoelf_octagon,
          serial_hangedman_research, hangedman_research_metamorphosis,
          hangedman_research_convocations, hangedman_research_geology,
          hangedman_research_pyrotechnics, hangedman_research_quantum,
          hangedman_research_toxicology, serial_shops, nicolae_shop_rolled_up,
          minivault_28
Elf:2:    nicolae_elf_blades_splatter_lattice
          [nicolae_blade_entry_crossed_weapons], layout_geoelf_diagonals,
          serial_shops, nicolae_shop_rolled_up
Elf:3:    minmay_elf_hall_dome, layout_geoelf_diagonals,
          nicolae_elf_free_trip_to_the_abyss, grunt_megastairs_1
Vaults:1: infiniplex_enter_wizlab_spiral, ontoclasm_vaults_decontamination,
          nicolae_vaults_house_3, v_misc_33, vaults_dpeg_ring,
          vaults_room_grunt_arrival_ludios, ontoclasm_vaults_fault,
          nicolae_vaults_trapezoid_2, layout_vaults_big_room
Vaults:2: hangedman_vaults_nails, hangedman_vaults_slice, vaults_room_grid,
          grunt_vaults_funnel, nicolae_vaults_closet_pinwheel_6, v_rooms_6,
          hangedman_vaults_variations, nicolae_vaults_angled_halls, v_misc_19,
          grunt_vaults_hallway_short, nicolae_vaults_trapezoid_lopsided_3,
          layout_vaults_omnicross, serial_glass, uniq_mennas, uniq_sojobo
Vaults:3: nicolae_vaults_little_squares_2, hangedman_vaults_locks,
          nicolae_vaults_sealed_display, grunt_vaults_swirl,
          grunt_vaults_hallway_short, hangedman_vaults_nails,
          nicolae_vaults_alarming, nicolae_vaults_tetromino_L_2,
          nicolae_vaults_tetromino_T_1, layout_vaults_omnigrid
Vaults:4: nicolae_vaults_trapezoid_4, nicolae_vaults_mini_display_case,
          hangedman_vaults_corner_blocks, vaults_mumra_hex,
          vaults_room_semicircle, nicolae_vaults_house_1, v_rooms_2,
          hangedman_vaults_maws, grunt_vaults_twisty, ontoclasm_vaults_bender,
          nicolae_vaults_little_squares_6, hangedman_vaults_maws,
          ontoclasm_vaults_idyll, nicolae_vaults_loss_of_containment,
          hangedman_vaults_stretched_pinwheel, layout_vaults_ring
Vaults:5: uniq_margery
Crypt:1:  layout_rooms, grunt_crypt_arrival_guarded_gate
Crypt:2:  layout_chaotic_city, uniq_josephina
Crypt:3:  church_of_pain_bobbens, layout_chaotic_city,
          tomb_entry_forgotten_bobbens
Depths:1: minmay_glassy_protrusions, layout_basic, gammafunk_ghost_split,
          pf_vacation_house_of_asmodeus, abyss_entry,
          chequers_serial_rivers_room_a, nicolae_transmutations_shop,
          minmay_misc_feat_tower, nicolae_qazlal_eye_of_the_storm
Depths:2: minmay_the_grid_triangle_9x9_rhombus_full
          [minmay_the_grid_triangle_9x9_windchime,
          minmay_the_grid_triangle_9x9_corrupted_corridor,
          minmay_the_grid_triangle_9x9_thin_v,
          minmay_the_grid_triangle_9x9_semitri,
          minmay_the_grid_triangle_9x9_from_above,
          minmay_the_grid_triangle_9x9_descending_squares,
          minmay_the_grid_triangle_9x9_odd_lines,
          minmay_the_grid_triangle_9x9_prize_special], layout_gridlike,
          hangedman_tar_grid_catacomb, grunt_pan_entry_sceptre,
          serial_sigils_hangedman_writhe
Depths:3: cross_vault, layout_basic, grunt_mini_vestibule, interstate_on_off,
          gammafunk_ghost_icy, abyss_entry, serial_bayou_shore_b
Depths:4: grunt_zot_entry_tricorne, layout_gridville, enter_ziggurat_c,
          serial_sigils_hangedman_quiver, grunt_hell_entry_dis_old,
          columned_hall_lemuel, due_unseen_surprise
Hell
Dis:1:    layout_subdivisions, lemuel_dis_dragons
Dis:2:    layout_gridville
Dis:3:    layout_overlapping_boxes, nrook_loot_triangle, not_door_vault_due
Dis:4:    layout_subdivisions, nicolae_hells_seeping_fissure
Dis:5:    layout_subdivisions
Dis:6:    layout_regular_city
Dis:7:    dis_st
Geh:1:    layout_gehenna_lava_caves, gehenna_fire_generator
Geh:2:    layout_gehenna_pools_box
Geh:3:    layout_gehenna_lava_caves
Geh:4:    layout_gehenna_lava_caves
Geh:5:    layout_gehenna_lava_caves
Geh:6:    layout_gehenna_pools_box
Geh:7:    geh_old
Coc:1:    nicolae_coc_caina, layout_ice_bergs
Coc:2:    layout_cocytus_water_paths
Coc:3:    nicolae_coc_hellspring, layout_cocytus_delve
Coc:4:    nicolae_hells_giants_party, layout_cocytus_delve
Coc:5:    layout_cocytus_water_paths
Coc:6:    layout_ice_bergs
Coc:7:    coc_old
Tar:1:    layout_grid_maze, nicolae_tar_stay_or_leave
Tar:2:    layout_grid_maze
Tar:3:    layout_honeycomb, nicolae_tar_spectre_spectrum
Tar:4:    layout_cathedral_of_symmetry
Tar:5:    layout_grid_maze
Tar:6:    nicolae_tar_funeral_procession, layout_cathedral_of_symmetry,
          lemuel_nasty_fountain
Tar:7:    tar_minmay_river

Skill      XL: |  1  2  3  4  5  6  7  8  9 10 11 12 13 14 15 16 17 18 19 20 21 22 23 24 25 26 27 |
---------------+----------------------------------------------------------------------------------+-----
Axes           | 2 3 4 5 6 7 8 9 10 11 12 13 14 15 16 17 18 | 18.2
Spellcasting   | 1 2 3 4 5 6 7 8 9 10 11 12 13 14 15 19 | 19.3
Dodging        | 1 2 3 4 5 6 7 8 9 10 11 12 13 14 15 16 19 | 19.5
Fighting       | 4 5 6 7 8 9 10 11 12 13 14 15 16 17 22 | 22.7
Armour         | 4 5 6 7 8 10 11 12 13 14 15 16 17 18 19 20 21 | 21.9
Shields        | 4 5 6 7 8 9 10 | 10.0
Conjurations   | 1 3 4 5 7 9 10 13 | 13.2
Fire Magic     | 1 3 4 5 7 8 9 10 11 17 | 17.6
Poison Magic   | 1 2 3 4 5 6 7 8 9 10 | 10.0
Transmutations | 1 2 3 4 5 |  5.0
Evocations     | 1 3 4 5 6 7 8 9 10 11 12 | 12.0
Earth Magic    | 4 6 8 9 10 11 12 13 14 15 16 22 | 22.5
Summonings     | 3 4 6 7 8 9 10 11 12 13 15 16 21 | 21.7
Maces & Flails | 10 | 10.2

Action                     |  1- 3 |  4- 6 |  7- 9 | 10-12 | 13-15 | 16-18 | 19-21 | 22-24 | 25-27 || total
---------------------------+-------+-------+-------+-------+-------+-------+-------+-------+-------++-------
  Melee: War axe           |    91 |    70 |       |    20 |       |       |       |       |       ||   181
         Short sword       |       |   119 |   373 |   474 |       |       |       |       |       ||   966
         Flail             |       |     9 |    89 |    87 |       |       |       |       |       ||   185
         Broad axe         |       |       |       |    83 |   574 |   874 |   973 |  1375 |  3383 ||  7262
         Headbutt          |       |       |       |       |       |       |       |   511 |  2410 ||  2921
         Eveningstar       |       |       |       |       |       |       |       |       |  1058 ||  1058
         Bite              |       |       |       |       |       |       |       |       |   317 ||   317
   Cast: Olgreb's Toxic Ra |       |       |       |       |     4 |       |     5 |       |    16 ||    25
         Wereblood         |       |       |       |       |       |       |     1 |       |     1 ||     2
         Ignite Poison     |       |       |       |       |       |       |       |       |    19 ||    19
         Summon Forest     |       |       |       |       |       |       |       |       |     4 ||     4
         Fireball          |       |       |       |       |       |       |       |       |     9 ||     9
         Monstrous Menager |       |       |       |       |       |       |       |       |    10 ||    10
         Summon Hydra      |       |       |       |       |       |       |       |       |    22 ||    22
         Stone Arrow       |       |       |       |       |       |       |       |       |     1 ||     1
 Invoke: Heal Self         |       |       |       |    14 |     4 |    11 |    17 |    10 |       ||    56
         Slimify           |       |       |       |       |       |       |       |       |     9 ||     9
         Oozemancy         |       |       |       |       |       |       |       |       |     1 ||     1
  Evoke: Wand              |       |       |     3 |    12 |     6 |     1 |    12 |    18 |    21 ||    73
         Condenser vane    |       |       |       |     3 |       |       |     1 |       |     1 ||     5
         Horn of Geryon    |       |       |       |       |       |       |       |       |     1 ||     1
         Box of beasts     |       |       |       |       |       |       |       |       |     1 ||     1
    Use: Potion            |       |     2 |     6 |     4 |       |       |     2 |    17 |    19 ||    50
         Scroll            |       |       |       |    20 |    11 |    17 |     3 |    11 |    20 ||    82
   Stab: Invisible         |       |       |       |     2 |       |       |       |       |    20 ||    22
         Petrified         |       |       |       |       |    11 |       |       |       |       ||    11
         Petrifying        |       |       |       |       |     3 |       |       |       |       ||     3
         Held in net/web   |       |       |       |       |       |       |     1 |       |       ||     1
         Distracted        |       |       |       |       |       |       |     1 |       |    13 ||    14
 Armour: Scale mail        |    69 |   109 |    82 |       |       |       |       |       |   316 ||   576
         Ring mail         |       |       |   218 |     2 |       |       |       |       |       ||   220
         Chain mail        |       |       |       |   524 |   214 |   389 |   394 |   395 |  1312 ||  3228
         Plate armour      |       |       |       |       |       |       |       |       |   441 ||   441
  Dodge: Dodged            |    71 |    93 |   295 |   341 |    77 |   147 |   195 |   190 |   976 ||  2385
  Block: Buckler           |    26 |    40 |   159 |   205 |       |       |       |       |       ||   430
         Kite shield       |       |       |       |   124 |   873 |  1637 |  1534 |  1658 |  5831 || 11657
         Reflection        |       |       |       |       |    25 |   277 |    82 |    94 |   202 ||   680
Riposte: Broad axe         |       |       |       |    41 |   286 |   422 |   469 |   521 |  1381 ||  3120
         Eveningstar       |       |       |       |       |       |       |       |       |   578 ||   578
